 Dungeon Crawl Stone Soup version 0.29.1-4-g47bece8355 (webtiles) character file.

Game seed: 6071996246379450523

11664 Peloso the Carver (level 11, -1/101 HPs)
             Began as a Minotaur Fighter on Dec 8, 2022.
             Was a High Priest of Okawaru.
             Killed by an exploding orc (20 damage)
             ... ignited by their inner flame
             ... on level 11 of the Dungeon.
             The game lasted 00:27:21 (9918 turns).

Peloso the Carver (Minotaur Fighter)                Turns: 9918, Time: 00:27:22

Health: -1/101     AC: 20    Str: 22    XL:     11   Next: 52%
Magic:  11/11      EV: 10    Int:  5    God:    Okawaru [*****.]
Gold:   423        SH: 14    Dex: 13    Spells: 10/10 levels left

rFire   . . .      SeeInvis .   a - +0 long sword (pain)
rCold   + + .      Faith    .   d - +1 kite shield {rC+}
rNeg    . . .      Spirit   .   q - +0 chain mail
rPois   .          Reflect  .   (helmet restricted)
rElec   .          Harm     .   t - +1 cloak
rCorr   .          Rampage  .   (no gloves)
Will    .....                   (no boots)
Stlth   ..........              w - amulet of regeneration
HPRegen 1.06/turn               e - +4 ring of protection
MPRegen 0.12/turn               p - ring of the Octopus King {rC+ HP+2 AC+2 EV+2 SH+2}

@: about to teleport
A: horns 2, retaliatory headbutt
a: Renounce Religion, Heroism, Finesse, Duel


You were on level 11 of the Dungeon.
You worshipped Okawaru.
Okawaru was extremely pleased with you.
You visited 2 branches of the dungeon, and saw 12 of its levels.
You also visited: Gauntlet.

You collected 423 gold pieces.

Inventory:

Hand Weapons
 a - a +0 long sword of pain (weapon)
 c - a +0 dagger of flaming
Armour
 b - a +1 scale mail of poison resistance
 d - a +1 kite shield of cold resistance (worn)
 q - a +0 chain mail (worn)
 t - a +1 cloak (worn)
Jewellery
 e - a +4 ring of protection (left hand)
 p - a ring of the Octopus King (right hand) {rC+ HP+2 AC+2 EV+2 SH+2}
   (You found it in a Gauntlet)

   [ring of protection from cold]

   AC:        It affects your AC (+2).
   EV:        It affects your evasion (+2).
   rC:        It protects you from cold.
   HP:        It affects your health (+2).
   SH:        It affects your SH (+2).
 s - a +4 ring of evasion
 w - an amulet of regeneration (around neck)
 D - a ring of wizardry
 E - a +6 ring of dexterity
 I - a ring of fire
Wands
 x - a wand of polymorph (16)
 B - a wand of flame (17)
 C - a wand of quicksilver (10)
 J - a wand of roots (6)
Scrolls
 g - 3 scrolls of enchant armour
 i - 3 scrolls of magic mapping
 m - 2 scrolls of noise
 y - a scroll of immolation
 G - a scroll of enchant weapon
 K - a scroll of identify
Potions
 h - 3 potions of magic
 j - 2 potions of brilliance
 k - 3 potions of mutation
 l - 5 potions of curing
 n - a potion of might
 o - 2 potions of lignification
 r - a potion of resistance
 u - 2 potions of flight
 v - 2 potions of cancellation {unknown}
 z - 2 potions of attraction {unknown}
 A - a potion of invisibility {unknown}
 F - a potion of ambrosia {unknown}
Miscellaneous
 L - a tin of tremorstones (2/2)


   Skills:
 + Level 9.9 Fighting
 + Level 13.5 Long Blades
 + Level 11.7 Armour
 + Level 4.2 Dodging
 + Level 0.7 Stealth
 + Level 9.0 Shields
 + Level 2.2 Invocations


You had 10 spell levels left.
You didn't know any spells.
Your spell library contained the following spells:

 Spells                   Type           Power      Damage    Failure   Level
 Foxfire                  Conj/Fire      0%         2x1d4     100%        1
 Shock                    Conj/Air       0%         1d3       100%        1
 Slow                     Hex            0%         N/A       100%        1
 Confusing Touch          Hex            0%         N/A       100%        3
 Conjure Flame            Conj/Fire      0%         6-21      100%        3
 Dazzling Flash           Conj/Hex       0%         N/A       100%        3
 Inner Flame              Hex/Fire       0%         N/A       100%        3
 Portal Projectile        Hex/Tloc       0%         N/A       100%        3
 Swiftness                Air            0%         N/A       100%        3
 Vampiric Draining        Necr           0%         2d6       100%        3
 Airstrike                Air            0%         2d(0-16)  100%        4
 Flame Wave               Conj/Fire      0%         2d4       100%        4
 Hailstorm                Conj/Ice       0%         3d3       100%        4
 Ice Form                 Ice/Tmut       0%         N/A       100%        4
 Passage of Golubria      Tloc           0%         N/A       100%        4
 Agony                    Necr           0%         N/A       100%        5
 Blade Hands              Tmut           0%         N/A       100%        5
 Silence                  Hex/Air        0%         N/A       100%        5
 Conjure Ball Lightning   Conj/Air       0%         3x3d6     100%        6
 Discord                  Hex            0%         N/A       100%        8
 Disjunction              Tloc           0%         N/A       100%        8
 Lehudib's Crystal Spear  Conj/Erth      0%         10d2      100%        8
 Tukima's Dance           Hex            Unusable   N/A       N/A         3
 Simulacrum               Ice/Necr       Unusable   N/A       N/A         6

Dungeon Overview and Level Annotations

Branches:
Dungeon (12/15)            Temple (1/1) D:6            Lair (0/5) D:11
    Orc (0/2) D:11        Gauntlet (visited)

Altars:
Cheibriados
Dithmenos
Elyvilon
Fedhas
Gozag
Hepliaklqana
Kikubaaqudgha
Makhleb
Nemelex Xobeh
Okawaru
Qazlal
Ru
Sif Muna
Trog
Uskayaw
Vehumet
Yredelemnul
The Shining One

Shops:
D:3 =   D:6 ?   D:9 !*(

Annotations:
D:7 3 runed translucent doors, peterlawrence's ghost, novice MiFi
D:9 3 runed translucent doors, Grum


Innate Abilities, Weirdness & Mutations

You have a pair of horns on your head.
You reflexively headbutt those who attack you in melee.


Message History

Okawaru accepts your kill.
The fiery explosion engulfs the orc!!!
Okawaru accepts your kill.
The orc explodes!
The fiery explosion engulfs the orc!!
Okawaru accepts your kill.
The fiery explosion engulfs the orc!!
Okawaru accepts your kill.
The fiery explosion engulfs the orc!
The orc explodes! x3; The orc warrior explodes!
The fiery explosion engulfs the orc knight.
Flame seeps out of the orc knight.
The orc knight is moderately wounded.
The fiery explosion engulfs the orc!!
Okawaru accepts your kill.
The orc explodes!
The fiery explosion engulfs the orc!!
The fiery explosion engulfs the orc knight!!
Flame seeps out of the orc knight.
The orc knight is almost dead.
The orc explodes!
The fiery explosion engulfs the orc!!
Okawaru accepts your kill.
The fiery explosion engulfs the orc!!
The orc explodes! x2
The fiery explosion engulfs the orc!!
Okawaru accepts your kill.
The orc explodes! x2
The fiery explosion engulfs you!!
* * * LOW HITPOINT WARNING * * *
The fiery explosion engulfs the orc!!!
The orc explodes!
The orc priest explodes!
The fiery explosion engulfs the orc knight!!
Okawaru is honoured by your kill.
The orc knight explodes!
The fiery explosion engulfs you!
* * * LOW HITPOINT WARNING * * *
The orc explodes!
The fiery explosion engulfs you!!
You die...

,,,,,,,,,,,,,,*,,,,,8,*** *,,,,**
,,*********,,,#...o.+.,,* *,,,,,,
,,*,,,,,,,*,,,#.§§§o8,*,****,,,,,
,,+,,,,,,,*,,,#§§§§o#,*,**,,,,,,,
,,*,,,,,,,*,,,#§§§§.#,,,,,,,,,,,,
,,*,,,,,,,*,**#§§§§8#,,,,,,,,,,,,
,,*,,,,,,,*,+,#§§§§§#,,,,,,,**,,*
,,*,,,,,,,*,*,#§○§§§#...,,,,,,,,,
,,*********,*,#§@§§§8...,,,,,,,>,
,,,,,,,,,,,,**#§§§§§+..#,*,,,,,,,
,,,,,,,,,,,,,,#§§§§§8..#,,,,,,,,,
,,,,,,,,,,,,,,#§.§§§#..#*,,,,,,,,
*********,,,,,#######,.#*,,,,,,,,
,,,,,,,,*,<,,,,*****,,,#**,,,,,,,
,,,,,,,,*,,,,,,*,,,*,,,,,,,,,,,,,
,,,,,,,,*,,,,,,*>,,*,,,,,,,,,,,,,
,,,,,,,,*,,,,,,*,,,+,,,,,,,,,,,,,


You could see 3 orcs.

Vanquished Creatures
  A minotaur (Gauntlet)
  A two-headed ogre (D:9)
  A tengu warrior (Gauntlet)
  An orange crystal statue (Gauntlet)
  An orc knight (D:11)
  A smoke demon (Gauntlet)
  A gargoyle (D:12)
  Maggie (D:7)
  A kobold demonologist (D:8)
  A tengu conjurer (Gauntlet)
  A red devil (Gauntlet)
  Prince Ribbit (D:7)
  Grinder (D:3)
  A troll (D:12)
  2 hornets (D:8)
  Sigmund (D:3)
  8 yaks
  2 steam dragons
  A water moccasin (D:7)
  2 black bears (D:6)
  3 ice beasts
  3 orc warriors
  4 wolves (D:9)
  2 ogres (D:5)
  4 centaurs
  3 phantoms
  14 kobold brigands
  A gnoll sergeant (D:8)
  3 bullfrogs
  3 necrophages
  4 scorpions
  5 wights (D:7)
  11 killer bees
  2 howler monkeys (D:8)
  3 crimson imps (Gauntlet)
  2 jellies (D:8)
  8 orc priests
  Crazy Yiuf (D:3)
  3 hounds
  Jessica (D:3)
  4 iguanas
  6 orc wizards
  8 gnolls
  9 adders
  2 shadow imps
  2 ufetubi
  4 dart slugs
  28 orcs
  9 ball pythons
  2 endoplasms
  2 giant cockroaches (D:3)
  11 goblins
  6 hobgoblins
  2 jackals (D:1)
  A quokka (D:2)
  2 bats (D:1)
  4 frilled lizards
  15 kobolds
  13 rats
240 creatures vanquished.

Vanquished Creatures (others)
  A plant (Gauntlet)
1 creature vanquished.

Grand Total: 241 creatures vanquished

Notes
Turn   | Place    | Note
-------+----------+-------------------------------------------
     0 | D:1      | Peloso the Minotaur Fighter began the quest for the Orb.
     0 | D:1      | Reached XP level 1. HP: 19/19 MP: 0/0
   190 | D:1      | Reached XP level 2. HP: 27/27 MP: 1/1
   536 | D:1      | Reached skill level 3 in Long Blades
   576 | D:1      | Found a faded altar of an unknown god.
   660 | D:2      | Reached XP level 3. HP: 33/33 MP: 2/2
  1007 | D:2      | Reached XP level 4. HP: 40/40 MP: 3/3
  1757 | D:3      | Found Genigeg's Jewellery Boutique.
  1842 | D:3      | Reached skill level 4 in Long Blades
  1875 | D:3      | Reached skill level 1 in Dodging
  1875 | D:3      | Reached XP level 5. HP: 37/47 MP: 4/4
  1909 | D:3      | Noticed Jessica
  1913 | D:3      | Killed Jessica
  2154 | D:3      | Noticed an ice beast
  2163 | D:3      | Killed an ice beast
  2164 | D:3      | Reached skill level 5 in Armour
  2268 | D:3      | Reached XP level 6. HP: 55/55 MP: 5/5
  2415 | D:3      | Found a hazy altar of Hepliaklqana.
  2480 | D:3      | Noticed Grinder
  2492 | D:3      | Paralysed by Grinder for 3 turns
  2502 | D:3      | Killed Grinder
  2503 | D:3      | Reached skill level 5 in Fighting
  2503 | D:3      | Reached skill level 5 in Long Blades
  2697 | D:3      | Noticed Sigmund
  2716 | D:3      | Killed Sigmund
  2717 | D:3      | Reached skill level 6 in Long Blades
  2717 | D:3      | Reached skill level 5 in Shields
  2717 | D:3      | Reached XP level 7. HP: 48/61 MP: 6/6
  2870 | D:3      | Found a runed translucent door.
  2871 | D:3      | Noticed Crazy Yiuf
  3143 | D:4      | HP: 3/61 [poisoned by a scorpion]
  3529 | D:4      | Reached skill level 7 in Long Blades
  3687 | D:4      | Found a bloodstained altar of Trog.
  4181 | D:4      | Found an opulent altar of Gozag.
  4181 | D:4      | Found a sparkling altar of Nemelex Xobeh.
  4411 | D:3      | Killed Crazy Yiuf
  4412 | D:3      | Reached XP level 8. HP: 70/70 MP: 7/7
  4484 | D:5      | Entered Level 5 of the Dungeon
  4706 | D:5      | Reached skill level 8 in Long Blades
  5084 | D:6      | Found a staircase to the Ecumenical Temple.
  5150 | Temple   | Entered the Ecumenical Temple
  5199 | Temple   | Became a worshipper of Warmaster Okawaru
  5656 | D:6      | Found Raicigi's Magic Scroll Shoppe.
  5726 | D:6      | Found a shadowy altar of Dithmenos.
  5727 | D:6      | Found a basalt altar of Yredelemnul.
  5727 | D:6      | Found a burning altar of Makhleb.
  5728 | D:6      | Found an ancient bone altar of Kikubaaqudgha.
  5916 | D:7      | Noticed Maggie
  5940 | D:6      | Reached * piety under Okawaru
  5941 | D:6      | Reached skill level 9 in Long Blades
  5989 | D:6      | Reached XP level 9. HP: 58/78 MP: 8/8
  6126 | D:7      | Killed Maggie
  6287 | D:7      | Reached skill level 10 in Long Blades
  6410 | D:7      | Reached ** piety under Okawaru
  6589 | D:7      | Found a runed translucent gate.
  6589 | D:7      | Found a runed translucent gate.
  6589 | D:7      | Noticed peterlawrence's ghost (novice MiFi)
  6590 | D:7      | Found a runed translucent gate.
  6651 | D:7      | Noticed Prince Ribbit
  6671 | D:7      | Killed Prince Ribbit
  6979 | D:8      | Reached skill level 10 in Armour
  7051 | D:8      | Noticed a kobold demonologist
  7083 | D:8      | Killed a kobold demonologist
  7084 | D:8      | Reached XP level 10. HP: 49/86 MP: 5/9
  7173 | D:8      | Reached skill level 11 in Long Blades
  7265 | D:8      | Reached *** piety under Okawaru
  7858 | D:9      | Found a runed translucent gate.
  7862 | D:9      | Found a runed translucent gate.
  7863 | D:9      | Found a runed translucent gate.
  7863 | D:9      | Noticed a white ugly thing
  7864 | D:9      | Noticed a red ugly thing
  7864 | D:9      | Noticed a cyan ugly thing
  7865 | D:9      | Noticed an anaconda
  7866 | D:9      | Noticed a brown ugly thing
  7867 | D:9      | Noticed a brown ugly thing
  7868 | D:9      | Noticed a shining eye
  7868 | D:9      | an anaconda changed into a shining eye
  7869 | D:9      | a shining eye changed into a merfolk
  7880 | D:9      | Found Wizuhi Huhy's General Store.
  7992 | D:9      | Reached skill level 12 in Long Blades
  8013 | D:9      | Reached skill level 1 in Invocations
  8060 | D:9      | Found Wiem's Distillery.
  8234 | D:9      | Noticed a two-headed ogre
  8248 | D:9      | Killed a two-headed ogre
  8248 | D:9      | Reached **** piety under Okawaru
  8289 | D:9      | Noticed Grum
  8322 | D:9      | HP: 4/91 [Grum/-2 glaive (3)]
  8472 | D:9      | Found Voocu's Antique Weapon Boutique.
  8600 | D:9      | Reached XP level 11. HP: 80/97 MP: 11/11
  8746 | D:9      | You fall into a shaft and drop 3 floors!
  8774 | D:12     | Received a gift from Okawaru
  8816 | D:12     | Reached skill level 13 in Long Blades
  8933 | D:11     | Noticed a purple ugly thing
  8954 | D:11     | Found a gate leading to a gauntlet.
  8963 | Gauntlet | Entered a Gauntlet
  8963 | Gauntlet | Found a transporter.
  8964 | Gauntlet | Noticed a tengu warrior
  8966 | Gauntlet | Found a transporter.
  8968 | Gauntlet | Found a transporter.
  8985 | Gauntlet | Found a transporter.
  8986 | Gauntlet | Found a transporter.
  8987 | Gauntlet | Noticed a quicksilver ooze
  8997 | Gauntlet | Found a transporter.
  9012 | Gauntlet | Noticed a cyan ugly thing
  9012 | Gauntlet | Noticed a white ugly thing
  9013 | Gauntlet | Found a transporter.
  9018 | Gauntlet | Found a transporter.
  9020 | Gauntlet | Noticed a glowing orange brain
  9039 | Gauntlet | Found a transporter.
  9039 | Gauntlet | Noticed a ghost crab
  9045 | Gauntlet | Found a transporter.
  9072 | Gauntlet | Found a transporter.
  9072 | Gauntlet | Found a transporter.
  9101 | Gauntlet | Found the ring of the Octopus King
  9102 | Gauntlet | Noticed an orange crystal statue
  9103 | Gauntlet | Found a transporter.
  9108 | Gauntlet | Found a transporter.
  9215 | Gauntlet | Killed a tengu warrior
  9367 | Gauntlet | Killed an orange crystal statue
  9367 | Gauntlet | Reached ***** piety under Okawaru
  9369 | Gauntlet | Identified a ring of the Octopus King {rC+ HP+2 AC+2 EV+2
                  | SH+2}
  9389 | Gauntlet | Noticed a minotaur
  9415 | Gauntlet | HP: 3/101 [minotaur/+0 short sword of speed (5)]
  9417 | Gauntlet | Killed a minotaur
  9914 | D:11     | Found a staircase to the Orcish Mines.
  9914 | D:11     | Noticed an orc knight
  9918 | D:11     | Killed an orc knight
  9918 | D:11     | Killed by an exploding orc... ignited by their inner flame

Illustrated notes

Levels and vault maps discovered:
D:1:      lightli_iron_boxes, layout_basic,
          shapermc_ecumenical_altar_mp_highgroup, minmay_liquid_box, hex_tiny
D:2:      layout_basic, kennysheep_generic_room_6
D:3:      layout_loops_corners, general_overflow_altar, serial_shops,
          nicolae_diamond_shop, uniq_sigmund, uniq_crazy_yiuf_cottage,
          uniq_jessica, uniq_grinder
D:4:      layout_cave_pods, grunt_temple_overflow_opulence, old_standard_altar
D:5:      layout_rooms
D:6:      layout_basic, chequers_temple_overflow_statue_of_worship,
          minmay_temple_entry_sparse_star, serial_shops, shop_fountains,
          grunt_decor_fettered
D:7:      layout_rooms, biasface_ghost_orc_armoury, uniq_prince_ribbit1,
          uniq_maggie
D:8:      minmay_angry_zag, layout_loops_ring, special_room
          [special_room_kobold]
D:9:      layout_basic, serial_shops, nicolae_diamond_shop, shop,
          kennysheep_mini_moat, ploomutoo_gammafunk_ghost_potion_laboratory,
          lemuel_flame_loot_1, uniq_grum
D:11:     layout_irregular_city, minmay_lair_entry_grove, david_orc_5,
          gammafunk_ghost_nasty_kobolds, gauntlet_entry_generic,
          serial_bayou_pond_e, uniq_nergalle
D:12:     minmay_chambers_of_sixes, layout_loops_ring
Temple:   hellmonk_temple_forest_ring

Skill      XL: |  1  2  3  4  5  6  7  8  9 10 11 |
---------------+----------------------------------+-----
Armour         | 4 5 6 8 10 11 | 11.7
Fighting       | 4 5 6 7 9 |  9.9
Long Blades    | 3 4 6 7 9 10 12 13 | 13.5
Shields        | 4 5 6 7 8 9 |  9.0
Dodging        | 1 2 3 4 |  4.2
Invocations    | 1 2 |  2.2
Stealth        | |  0.7

Action                   |  1- 3 |  4- 6 |  7- 9 | 10-12 || total
-------------------------+-------+-------+-------+-------++-------
Melee: Long sword        |    72 |   105 |   353 |   403 ||   933
       Headbutt          |     9 |    22 |    76 |    99 ||   206
Invok: Heroism           |       |       |     5 |    15 ||    20
       Finesse           |       |       |       |     1 ||     1
Evoke: Wand              |       |       |     1 |       ||     1
  Use: Potion            |     4 |       |       |     3 ||     7
       Scroll            |     2 |       |     1 |    16 ||    19
Armor: Scale mail        |    31 |     9 |       |       ||    40
       Chain mail        |       |    58 |   220 |   251 ||   529
Dodge: Dodged            |    33 |    42 |   150 |   172 ||   397
Block: Buckler           |    14 |    24 |    81 |   102 ||   221
       Kite shield       |       |       |       |    50 ||    50
